AoeStats
← Kaiser Ze

African Clearing

510299702Analyzed
3v3 RM · 1d ago on Sep 30, 2026· 46m 45s· 6 players
Game mode
Random Map
Map size
Normal (6 player)
Population
200
Speed
Normal
Resources
Standard
Victory
Conquest
Starting age
Dark Age
Ending age
Imperial Age
RankedLock teamsTeams togetherTeam positionsShared explorationLock speedFull tech treeHidden civsTurbo modeCheats
Victory
Defeat
1514
+9
🇨🇳 Huns · China
1444
+11
🇨🇳 Magyars · China
1391
+13
🇧🇪 Burgundians · Belgium
1367
-12
🇻🇳 Inca · Vietnam
1356
-12
🇧🇪 Spanish · Belgium
1281
-9
gianghodd01
10:43 Loom
14:16 Feudal Age
14:59 Double-Bit Axe
21:26 Castle Age
19:30 Champi Runner
20:07 Horse Collar
20:42 Arson
24:55 Champi Warrior
30:45 Squires
34:46 Scale Mail Armor
39:54 Pikeman
Chiki_Chiki_BANGBANG
11:16 Loom
13:03 Feudal Age
13:20 Loom
22:47 Castle Age
24:11 Bloodlines
27:52 Wheelbarrow
30:14 Husbandry
33:30 Hand Cart
46:03 Pikeman
46:43 Squires
ForFrodo
6:50 Double-Bit Axe
12:50 Feudal Age
11:29 Loom
13:17 Feudal Age
13:23 Horse Collar
14:26 Horse Collar
15:05 Bow Saw
17:13 Castle Age
16:12 Forging
15:49 Horse Collar
17:19 Light Cavalry
22:43 Husbandry
22:42 Town Watch
23:33 Wheelbarrow
24:35 Wheelbarrow
26:12 Two-Man Saw
25:30 Scale Barding Armor
25:11 Cavalier
26:53 Scale Mail Armor
29:58 Chain Barding Armor
30:43 Fletching
31:59 Gold Mining
32:00 Stone Mining
32:14 Heavy Plow
32:43 Hand Cart
38:56 Imperial Age
37:20 Iron Casting
39:01 Paladin
40:22 Plate Barding Armor
40:47 Blast Furnace
40:46 Crop Rotation
41:17 Two-Man Saw
40:53 Gold Shaft Mining
40:08 Stone Mining
43:22 Town Patrol
st9901544
10:20 Loom
12:34 Feudal Age
17:06 Scale Barding Armor
29:01 Castle Age
27:27 Horse Collar
27:40 Double-Bit Axe
28:42 Scale Mail Armor
29:08 Gold Mining
30:38 Heavy Plow
32:34 Bloodlines
40:36 Chain Barding Armor
47:11 Imperial Age
47:17 Imperial Age
45:50 Fletching
46:06 Corvinian Army
你可以打我队友吗
9:22 Loom
13:21 Feudal Age
17:20 Castle Age
15:14 Fletching
18:18 Bodkin Arrow
28:00 Ballistics
28:31 Wheelbarrow
28:17 Ballistics
34:34 Double-Bit Axe
35:25 Gold Mining
37:30 Padded Archer Armor
37:54 Husbandry
38:04 Bloodlines
38:34 Horse Collar
41:19 Leather Archer Armor
41:31 Bloodlines
41:51 Heavy Plow
42:32 Thumb Ring
46:18 Imperial Age
44:22 Hand Cart
45:52 Stone Mining
46:38 Gold Shaft Mining
Kaiser Ze
5:36 Loom
13:14 Feudal Age
15:04 Double-Bit Axe
17:27 Castle Age
20:04 Bow Saw
21:48 Wheelbarrow
21:57 Horse Collar
24:58 Heavy Plow
24:53 Gold Mining
27:13 Stone Mining
30:45 Imperial Age
29:09 Gold Shaft Mining
30:01 Bloodlines
29:51 Husbandry
30:33 Hand Cart
31:21 Forging
31:16 Scale Barding Armor
32:40 Conscription
33:26 Chain Barding Armor
33:08 Cavalier
36:38 Iron Casting
38:25 Plate Barding Armor
41:00 Town Watch
41:20 Paladin
44:17 Blast Furnace
45:47 Town Patrol
45:36 Capped Ram
Connection lost

Rejoining the realm…

Still unreachable

The connection could not be restored.

Session expired

The server has moved on; the page needs a fresh start.